 Dungeon Crawl Stone Soup version 0.31-a0-182-gc5ef74bbde (webtiles) character file.

Game seed: 17446304621463569007

1 qw the Shield-Bearer (level 1, -1/14 HPs)
             Began as a Gargoyle Fighter on June 20, 2023.
             Frozen to death by an endoplasm (2 damage)
             ... on level 1 of the Dungeon.
             The game lasted 00:00:04 (35 turns).

qw the Shield-Bearer (Gargoyle Fighter)               Turns: 35, Time: 00:00:04

Health: -1/14      AC:  9    Str: 19    XL:     1   Next: 20%
Magic:  1/1        EV:  9    Int:  8    God:
Gold:   0          SH:  4    Dex:  9    Spells: 0/0 levels left

rFire   . . .        a - +0 war axe
rCold   . . .        c - +0 buckler
rNeg    + . .        b - +0 scale mail
rPois   inf          (no helmet)
rElec   +            (no cloak)
rCorr   .            (no gloves)
SInv    .            (no boots)
Will    .....        (no amulet) Stlth
                     (no ring)
HPRegen 0.22/turn    (no ring)
MPRegen 0.07/turn

%: no passive effects
@: no status effects
A: sickness immunity, AC +2, negative energy resistance 1, electricity
resistance, torment resistance 1, petrification resistance
a: no special abilities


You were on level 1 of the Dungeon.
You visited 1 branch of the dungeon, and saw 1 of its levels.


Innate Abilities, Weirdness & Mutations

You are immune to sickness and miasma.
Your stone body is resilient. (AC +2)
You are immune to poison.
You resist negative energy. (rN+)
You are resistant to electric shocks. (rElec)
You are resistant to unholy torment.
You are immune to petrification.


   Skills:
 - Level 3.2 Fighting
 + Level 1.9 Axes
 - Level 3.2 Armour
 - Level 3.2 Shields


You couldn't memorise any spells.
You didn't know any spells.
Your spell library was empty.

Inventory:

Hand Weapons
 a - a +0 war axe (weapon)
Armour
 b - a +0 scale mail (worn)
 c - a +0 buckler (worn)
Scrolls
 e - a scroll of teleportation {unknown}
Potions
 d - a potion of might

Dungeon Overview and Level Annotations

Branches:
Dungeon (1/15)

Altars:


Message History

The goblin hits the plant with a +1 dagger of speed.
The bat hits you but does no damage.
The endoplasm hits the plant.
The goblin hits the plant with a +1 dagger of speed. x2
The endoplasm hits the plant.
A nearby plant withers and dies.
You block the bat's attack.
You hit the bat but do no damage.
A nearby plant withers and dies.
The bat closely misses you.
You closely miss the goblin. You miss the bat. The bat barely misses you.
The goblin completely misses you. The goblin closely misses you.
The endoplasm freezes you.
You are frozen.
You block the bat's attack.
You completely miss the endoplasm. You barely miss the bat.
You hit the goblin but do no damage. You block the bat's attack.
The goblin barely misses you. The goblin closely misses you.
The endoplasm freezes you.
You are frozen.
The goblin barely misses you.
You barely miss the endoplasm. You hit the bat. You barely miss the goblin.
The bat hits you but does no damage. You block the endoplasm's attack.
The goblin hits you but does no damage. You block the goblin's attack.
You hit the bat.
You kill the bat!
You barely miss the endoplasm. You hit the goblin.
The endoplasm hits you but does no damage.
The goblin hits you but does no damage. The endoplasm freezes you.
You are frozen.
The goblin barely misses you.
You closely miss the goblin.
The goblin is heavily wounded.
You hit the endoplasm but do no damage. The goblin hits you but does no damage.
The endoplasm freezes you.
You are frozen.
The goblin hits you but does no damage.
You barely miss the goblin.
The goblin is heavily wounded.
You barely miss the endoplasm. The endoplasm freezes you.
You are frozen.
You die... #...##......
P.PPPP..... ....P.....## PPPP...P...# P...PPP.PPP.#

.PPP.PP.PPP.####
P.PP.PP.P..J......
P.P.PP.P.PP..@gP.#
P.P.P.PPP.P......#


P.P.PP.P.PP.P.PP.# P.PP.PP.PP.PP.PP## PP.PP.PPP.PP.PPP# PP.PPP...PPP.PPP#
PPP..PPPPP..PPPP# PPPPP..<..PPPPPP# PPPPPPPPPPPPPPPP# You could see an endoplasm
and a goblin.

Vanquished Creatures
  A bat (D:1)
1 creature vanquished.

Notes
Turn   | Place    | Note
-------+----------+-------------------------------------------
     0 | D:1      | qw the Gargoyle Fighter began the quest for the Orb.
     0 | D:1      | Reached XP level 1. HP: 14/14 MP: 1/1
     0 | D:1      | 0 ||| qw: Version: 0.3-a-9-g12657ce
     0 | D:1      | 0 ||| qw: Game counter: 1378
     0 | D:1      | 0 ||| qw: Always use a shield: true
     0 | D:1      | 0 ||| qw: God list: Okawaru
     0 | D:1      | 0 ||| qw: Allow faded altars: false
     0 | D:1      | 0 ||| qw: Do Orc after D:15 true
     0 | D:1      | 0 ||| qw: Do second Lair branch before Depths: true
     0 | D:1      | 0 ||| qw: Lair rune preference: random
     0 | D:1      | 0 ||| qw: Plans: Normal, Zot:1-4, Slime:5, God:TSO, Crypt,
                  | Tomb, Abyss, Pan, Hells, Win
     0 | D:1      | 0 ||| PLANNING D:1-11
    33 | D:1      | HP: 3/14 [frozen (5)]
    34 | D:1      | HP: 1/14 [frozen (2)]
    35 | D:1      | Frozen to death by an endoplasm

Levels and vault maps discovered:
D:1:      roderic_crop_circles_arrival_small, layout_loops_cross,
          nicolae_shop_vocational

Action                     || total
---------------------------++-------
  Melee: War axe           ||     9
 Armour: Scale mail        ||     7
  Dodge: Dodged            ||    10
  Block: Buckler           ||     5

Table legend:
 A = Non-vault XP
 B = Vault XP
 C = Vault XP percentage of total XP
 D = Non-vault monster count
 E = Vault monster count
 F = Vault count percentage of total count
                 A         B        C        D         E       F
            +---------+---------+-------+---------+---------+-------
      Total |       2 |       0 |   0.0 |       1 |       0 |   0.0
            +---------+---------+-------+---------+---------+-------
        D:1 |       2 |       0 |   0.0 |       1 |       0 |   0.0
            +---------+---------+-------+---------+---------+-------
